 Dungeon Crawl Stone Soup version 0.27-a0-1256-gced786f65e (webtiles) character file.

Game seed: 9611997760095548879

113 polve the Cutter (level 4, -9/37 HPs)
             Began as a Demonspawn Abyssal Knight on June 10, 2021.
             Was a Follower of Lugonu.
             Mangled by Crazy Yiuf
             ... wielding a +4 quarterstaff of chaos
              (13 damage)
             ... on level 2 of the Dungeon.
             The game lasted 00:01:34 (2338 turns).

polve the Cutter (Demonspawn Abyssal Knight)        Turns: 2338, Time: 00:01:35

Health: -9/37      AC:  5    Str: 13    XL:     4   Next: 65%
Magic:  0/5        EV: 11    Int: 13    God:    Lugonu [*.....]
Gold:   61         SH:  4    Dex: 13    Spells: 3/3 levels left

rFire    . . .     SeeInvis .   a - +1 short sword
rCold    + . .     Faith    .   (no shield)
rNeg     . . .     Spirit   +   b - +0 leather armour
rPois    +         Reflect  .   (no helmet)
rElec    .         Harm     .   (no cloak)
rCorr    .         Rampage  .   (no gloves)
Will     .....                  (no boots)
Stlth    +.........             e - amulet of guardian spirit
HPRegen  0.12/turn              h - ring of poison resistance
MPRegen  0.09/turn              g - ring of protection from cold

@: hasted, very quick
A: slimy green scales 1, condensation shield
a: Renounce Religion, Depart the Abyss


You were on level 2 of the Dungeon.
You worshipped Lugonu.
Lugonu was aware of your devotion.
You visited 1 branch of the dungeon, and saw 2 of its levels.
You visited the Abyss 1 time.

You collected 61 gold pieces.

Inventory:

Hand Weapons
 a - a +1 short sword (weapon)
Armour
 b - a +0 leather armour (worn)
Jewellery
 e - an amulet of guardian spirit (around neck)
 g - a ring of protection from cold (right hand)
 h - a ring of poison resistance (left hand)
Scrolls
 c - a scroll of magic mapping {unknown}
 d - 2 scrolls of identify {unknown}
 i - a scroll of teleportation {unknown}
 j - a scroll of enchant weapon {unknown}
 k - a scroll of summoning {unknown}


   Skills:
 + Level 3.7 Fighting
 - Level 4.0 Short Blades
 - Level 1.7 Armour
 - Level 0.8 Dodging
 - Level 2.4 Invocations


You had 3 spell levels left.
You didn't know any spells.
Your spell library contained the following spells:

 Spells                   Type           Power      Damage    Failure   Level
 Magic Dart               Conj           0%         1d3       36%         1
 Searing Ray              Conj           0%         3d3       52%         2
 Dazzling Flash           Conj/Hex       0%         N/A       75%         3
 Fulminant Prism          Conj/Hex       0%         3d6       98%         4
 Iskenderun's Mystic Bla  Conj/Tloc      0%         2d3       98%         4


Dungeon Overview and Level Annotations

Branches:
Dungeon (2/15)

Altars:

Annotations:
D:2 Crazy Yiuf


Innate Abilities, Weirdness & Mutations

You are partially covered in slimy green scales. (AC +2)
A meltable shield of frost defends you. (SH +4)


Message History

The fungus is lightly damaged.
You hit the fungus.
The fungus is lightly damaged.
You hit the fungus.
The fungus is lightly damaged.
You puncture the fungus!
The fungus is lightly damaged.
A nearby fungus withers and dies.
Found a mace.
Found a runed translucent door.
Crazy Yiuf shouts!
It was a potion of ambrosia.
You are confused.
You feel invigorated.
Okay, then.
You start waiting.
You feel less invigorated.
You feel less confused.
It was a potion of haste.
You feel yourself speed up.
You open the door.
Crazy Yiuf hits you with a +4 quarterstaff of chaos!
There is an open translucent door, spattered with blood here.
You hit Crazy Yiuf.
Crazy Yiuf is moderately wounded.
You block Crazy Yiuf's attack.
You barely miss Crazy Yiuf.
Crazy Yiuf is moderately wounded.
You barely miss Crazy Yiuf.
Crazy Yiuf is moderately wounded.
Crazy Yiuf misses you.
You hit Crazy Yiuf.
Crazy Yiuf is moderately wounded.
You barely miss Crazy Yiuf.
Crazy Yiuf is moderately wounded.
Crazy Yiuf hits you with a +4 quarterstaff of chaos!
You are electrocuted!
* * * LOW HITPOINT WARNING * * *
You hit Crazy Yiuf.
Crazy Yiuf is heavily wounded.
Crazy Yiuf hits you with a +4 quarterstaff of chaos!
You die...

#.#.# #........÷..........
#.#.###.#####.#.##......##
#.#.....# #.#.##......#.
#.####### #######.......
#.# #....... #.# #......#
#.# #### ♣♣##...##.# #.##
#)..#♣♣ ♣♣P#...###.# #..#
#..g@.♣♣♣♣PP....# #.# ####
#...#♣..♣......####.# ####
♣♣♣.♣.♣#........
♣♣♣♣♣######### #### ###
#..# ##.## #..#######.#.##
# #.........###.# #


You could see Crazy Yiuf.

Vanquished Creatures
  Jessica (D:2)
  4 adders (D:2)
  An ufetubus (Abyss:1)
  9 endoplasms
  A giant cockroach (D:2)
  2 goblins
  2 hobgoblins (D:1)
  9 jackals
  A kobold (D:1)
  3 ball pythons (D:2)
  3 bats
  A frilled lizard (D:2)
  4 rats
41 creatures vanquished.

Vanquished Creatures (others)
  2 fungi (D:2)
2 creatures vanquished.

Grand Total: 43 creatures vanquished

Notes
Turn   | Place    | Note
-------+----------+-------------------------------------------
     0 | Abyss:1  | polve the Demonspawn Abyssal Knight began the quest for the
                  | Orb.
     0 | Abyss:1  | Reached XP level 1. HP: 18/18 MP: 2/2
    74 | Abyss:1  | Reached skill level 2 in Short Blades
   117 | Abyss:1  | Noticed a wraith
   346 | Abyss:2  | Noticed a chaos spawn
   346 | D:1      | Escaped the Abyss
   389 | D:1      | Gained mutation: You are partially covered in slimy green
                  | scales. (AC +2) [demonic ancestry]
   389 | D:1      | Reached XP level 2. HP: 20/24 MP: 3/3
   679 | D:1      | Found a faded altar of an unknown god.
   870 | D:1      | Reached * piety under Lugonu
   925 | D:1      | Reached skill level 3 in Short Blades
  1242 | D:2      | Reached XP level 3. HP: 29/29 MP: 4/4
  1629 | D:2      | Reached skill level 4 in Short Blades
  1629 | D:2      | Gained mutation: A meltable shield of frost defends you.
                  | (SH +4) [demonic ancestry]
  1629 | D:2      | Reached XP level 4. HP: 31/35 MP: 3/5
  1910 | D:2      | Noticed Jessica
  1921 | D:2      | Killed Jessica
  2320 | D:2      | Found a runed translucent door.
  2321 | D:2      | Noticed Crazy Yiuf
  2338 | D:2      | Mangled by Crazy Yiuf

Illustrated notes

Levels and vault maps discovered:
D:1:      minmay_arrival_five_plusses, layout_basic,
          hellmonk_ecumenical_altar_slurped_away
D:2:      layout_loops_ring, uniq_jessica, uniq_crazy_yiuf_cottage

Skill      XL: |  1  2  3 |
---------------+----------+-----
Short Blades   | 2 3 4 |  4.0
Fighting       | |  3.7
Armour         | |  1.7
Dodging        | |  0.8
Invocations    | |  2.4

Action                   |  1- 3 |  4- 6 || total
-------------------------+-------+-------++-------
Melee: Short sword       |   124 |    46 ||   170
Invok: Depart the Abyss  |     1 |       ||     1
  Use: Potion            |       |     2 ||     2
Armor: Leather armour    |    52 |     2 ||    54
Dodge: Dodged            |   105 |    16 ||   121
Block: Other             |       |     7 ||     7

Table legend: (Time is in decaauts)
 A = Elapsed time spent in this place.
 B = Non-inter-level travel time spent in this place.
 C = Inter-level travel time spent in this place.
 D = Time resting spent in this place.
 E = Time spent auto-exploring this place.
 F = Levels seen in this place.
 G = Mean time per level.
                   A        B        C        D        E       F      G
               +--------+--------+--------+--------+--------+-----+--------+
         Total |   2320 |   2309 |     11 |      5 |   1969 |   4 |  580.0 |
       Dungeon |   1975 |   1964 |     11 |      5 |   1659 |   2 |  987.5 |
         Abyss |    345 |    345 |      0 |      0 |    310 |   2 |  172.5 |
               +--------+--------+--------+--------+--------+-----+--------+

Top non-repeatable levels by time:
     D:2: 1086 daAuts
     D:1: 888 daAuts
 Abyss:1: 315 daAuts
 Abyss:2: 30 daAuts
